Map: Frost LE

Players

InvHarstem (Harstem) - Winner!

  • Race: Protoss Protoss

iaguz

  • Race: Terran Terran

Event: 2016 WCS Summer Circuit Championship (DH Montreal)

VOD

Have the link to the VOD?

Description

Time

  • Played on: Aug. 12, 2016, 3:20 p.m.
  • Length: 11:15

All games in this series

Show
View Real Time Build Order
Export as new Build Order

InvHarstem Protoss - Winner!

Build Orders: 1 Gate Expand, Oracle Opening 

Get SALT Encoding   

  12  0:00  Probe (Chrono Boost)  
  13  0:11  Probe (Chrono Boost)  
  14  0:19  Pylon  
  14  0:22  Probe (Chrono Boost)  
  15  0:37  Probe (Chrono Boost), Gateway  
  16  0:48  Probe (Chrono Boost)  
  16  0:49  Assimilator  
  17  0:58  Probe (Chrono Boost)  
  18  1:09  Probe (Chrono Boost)  
  19  1:19  Probe (Chrono Boost)  
  19  1:25  Nexus  
  20  1:34  Cybernetics Core  
  20  1:38  Probe (Chrono Boost)  
  21  1:42  Assimilator  
  21  1:48  Probe (Chrono Boost)  
  21  1:53  Pylon  
  22  1:59  Probe (Chrono Boost)  
  23  2:07  Adept  
  23  2:11  Warp Gate  
  23  2:12  Probe (Chrono Boost)  
  26  2:25  Probe (Chrono Boost)  
  26  2:26  Stargate  
  27  2:31  Adept  
  31  2:37  Probe x2 (Chrono Boost)  
  31  2:48  Probe (Chrono Boost)  
  31  2:49  Probe (Chrono Boost)  
  34  2:58  Probe (Chrono Boost)  
  33  3:06  Oracle  
  33  3:08  Adept  
  33  3:09  Probe (Chrono Boost)  
  33  3:10  Probe (Chrono Boost)  
  40  3:19  Pylon  
  41  3:20  Probe (Chrono Boost)  
  41  3:22  Probe (Chrono Boost)  
  42  3:30  Probe (Chrono Boost)  
  44  3:34  Probe (Chrono Boost)  
  44  3:40  Oracle  
  44  3:41  Probe (Chrono Boost)  
  45  3:43  Nexus  
  48  3:50  Probe (Chrono Boost)  
  48  3:54  Probe (Chrono Boost)  
  50  3:57  Gateway  
  50  4:00  Gateway  
  51  4:03  Probe (Chrono Boost)  
  51  4:04  Probe (Chrono Boost)  
  51  4:07  Pylon  
  52  4:15  Probe x2 (Chrono Boost)  
  54  4:20  Assimilator  
  54  4:26  Probe (Chrono Boost)  
  54  4:28  Assimilator  
  54  4:29  Adept  
  58  4:32  Twilight Council  
  58  4:33  Phoenix  
  58  4:34  Forge  
  58  4:38  Probe (Chrono Boost)  
  60  4:39  Probe (Chrono Boost)  
  60  4:43  Pylon  
  61  4:50  Probe (Chrono Boost)  
  62  4:53  Pylon  
  62  4:54  Probe (Chrono Boost)  
  62  4:55  Probe (Chrono Boost)  
  62  4:56  Sentry  
  62  4:57  Adept x2  
  70  5:01  Probe (Chrono Boost)  
  70  5:03  Protoss Ground Weapons Level 1  
  70  5:05  Probe (Chrono Boost)  
  72  5:13  Probe (Chrono Boost)  
  71  5:16  Probe (Chrono Boost), Resonating Glaives  
  73  5:25  Probe (Chrono Boost), Phoenix  
  73  5:26  Gateway  
  73  5:27  Probe (Chrono Boost)  
  76  5:29  Gateway  
  76  5:34  Probe (Chrono Boost)  
  78  5:37  Probe x2 (Chrono Boost)  
  78  5:41  Robotics Facility  
  79  5:44  Gateway  
  79  5:49  Adept, Pylon  
  81  5:50  Phoenix  
  83  5:58  Mothership Core (Chrono Boost)  
  83  6:01  Pylon  
  83  6:05  Adept x2  
  83  6:09  Probe (Chrono Boost)  
  83  6:10  Probe (Chrono Boost)  
  89  6:13  Phoenix  
  89  6:17  Probe (Chrono Boost)  
  90  6:25  Probe (Chrono Boost)  
  91  6:34  Probe (Chrono Boost)  
  91  6:39  Immortal  
  95  6:41  Pylon  
  95  6:42  Probe x2 (Chrono Boost), Adept x2  
  95  6:44  Phoenix  
  104  6:54  Adept x2, Protoss Ground Armor Level 1  
  104  6:55  Pylon  
  107  7:02  Adept x3  
  107  7:07  Adept  
  115  7:10  Pylon  
  115  7:13  Immortal  
  115  7:20  Adept x2  
  123  7:23  Pylon  
  123  7:27  Pylon  
  123  7:31  Adept x2  
  123  7:32  Adept  
  129  7:37  Adept  
  129  7:39  Pylon  
  131  7:45  Adept x2  
  136  7:51  Probe (Chrono Boost)  
  136  7:53  Adept  
  136  7:54  Adept x2  
  136  7:57  Adept  
  144  7:59  Immortal  
  144  8:03  Pylon  
  114  8:24  Adept  
  114  8:25  Adept x5  
  104  8:28  Phoenix  
  100  8:39  Probe (Chrono Boost)  
  100  8:40  Probe (Chrono Boost)  
  100  8:41  Pylon, Protoss Ground Armor Level 2  
  102  8:43  Gateway  
  102  8:46  Immortal  
  102  8:47  Sentry, Gateway  
  102  8:48  Adept x4  
  112  8:53  Phoenix  
  119  8:57  Probe (Chrono Boost)  
  119  9:05  Assimilator  
  119  9:09  Assimilator  
  119  9:11  Charge  
  119  9:12  Probe (Chrono Boost)  
  119  9:13  Zealot x3  
  126  9:24  Adept x3  
  126  9:31  Pylon  
  132  9:34  Phoenix  
  134  9:40  Adept x4  
  140  9:48  Pylon  
  140  9:50  Adept x2  
  144  9:55  Adept x2  
  148  10:00  Adept x3  
  148  10:05  Immortal  
  158  10:18  Probe (Chrono Boost)  
  159  10:21  Adept x2  
  159  10:23  Zealot x5  
  159  10:27  Phoenix  
  175  10:34  Zealot  
  177  10:41  Templar Archives  
  173  10:43  Zealot x4  
  165  10:59  Stalker x4  
  145  11:10  Zealot x4  
Show
View Real Time Build Order
Export as new Build Order

iaguz Terran 

Build Orders: Cyclone Opening, Reaper Expand, Bio Tank 

Get SALT Encoding   

  12  0:00  SCV  
  13  0:12  SCV  
  14  0:17  Supply Depot  
  14  0:25  SCV  
  14  0:27  Refinery  
  15  0:38  SCV  
  16  0:44  Barracks  
  16  0:50  SCV  
  17  1:03  SCV  
  18  1:15  SCV  
  19  1:30  Orbital Command  
  19  1:31  Reaper  
  20  1:43  Command Center  
  20  1:54  Factory  
  20  1:57  SCV  
  21  2:05  Supply Depot  
  21  2:08  Barracks Tech Lab  
  21  2:12  SCV  
  22  2:16  Refinery  
  22  2:24  SCV  
  23  2:35  Marine  
  23  2:36  SCV  
  25  2:45  Cyclone  
  25  2:48  SCV  
  30  2:56  Starport, Marine  
  32  3:06  SCV  
  32  3:07  Orbital Command  
  32  3:10  Refinery  
  32  3:14  Marine  
  33  3:22  SCV  
  34  3:27  Factory Tech Lab  
  34  3:33  SCV  
  35  3:34  SCV  
  36  3:43  Raven  
  36  3:45  Barracks Reactor, SCV  
  39  3:49  SCV, Refinery  
  40  3:57  SCV  
  40  4:01  SCV  
  42  4:04  Supply Depot  
  42  4:06  Supply Depot  
  42  4:09  SCV  
  43  4:10  Supply Depot  
  43  4:13  SCV  
  44  4:18  Liberator  
  44  4:20  Liberator  
  46  4:25  Siege Tank, SCV  
  46  4:26  SCV  
  49  4:32  Engineering Bay  
  49  4:37  SCV  
  49  4:38  SCV  
  57  4:40  Marine  
  57  4:43  Stimpack  
  58  4:50  SCV x2  
  60  4:57  Marine  
  60  4:59  Terran Infantry Weapons Level 1  
  61  5:05  Barracks, Siege Tank  
  65  5:07  SCV  
  65  5:15  Marine  
  65  5:17  SCV  
  65  5:19  SCV  
  67  5:21  Barracks  
  67  5:22  Barracks  
  67  5:30  Missile Turret  
  67  5:34  Barracks  
  67  5:37  Supply Depot  
  67  5:38  Supply Depot  
  67  5:39  SCV x2  
  67  5:40  Marine  
  70  5:55  Barracks Reactor  
  70  5:59  Medivac x2, Siege Tank  
  70  6:01  Supply Depot  
  70  6:03  Supply Depot  
  77  6:07  Marine  
  77  6:09  Barracks Tech Lab, Barracks Reactor  
  77  6:10  SCV  
  76  6:20  Liberator x2, SCV  
  76  6:22  SCV  
  76  6:24  Supply Depot, Barracks Reactor  
  76  6:25  Supply Depot  
  79  6:28  Missile Turret  
  79  6:30  Combat Shields  
  77  6:33  Siege Tank  
  77  6:34  Marine  
  77  6:38  Marine  
  86  6:40  Marine x2  
  88  6:47  Supply Depot  
  88  6:49  Supply Depot  
  88  6:58  Marine x5  
  88  6:59  Marine  
  94  7:04  Marine x2  
  96  7:11  Siege Tank  
  96  7:12  Supply Depot  
  96  7:14  Supply Depot  
  99  7:16  Marine x2  
  99  7:17  Marine x4  
  99  7:21  Medivac  
  99  7:22  Medivac, Marine  
  110  7:25  Marine  
  110  7:28  Terran Infantry Armor Level 1  
  111  7:33  Marine x2  
  111  7:35  Supply Depot  
  113  7:37  Supply Depot, Marine  
  113  7:38  Marine  
  113  7:39  Marine  
  116  7:47  Marine x3  
  119  7:51  Marine x2, Siege Tank  
  119  7:54  Medivac  
  125  7:58  Medivac  
  125  8:02  Marine  
  125  8:03  Marine  
  129  8:09  Marine  
  130  8:19  Marine x3  
  107  8:23  Marine x4  
  107  8:26  Marine, Siege Tank  
  87  8:37  Marine x3  
  87  8:40  Marine x2  
  93  8:42  Liberator x2, Marine x2  
  93  8:47  Marine  
  96  8:55  Marine x3  
  95  8:58  Marine x2  
  100  9:04  Marauder x2  
  100  9:05  Ghost Academy, Siege Tank  
  107  9:10  Marine  
  107  9:13  Marine  
  107  9:15  Marine  
  107  9:16  Marine  
  111  9:20  Supply Depot  
  111  9:23  Marine x2  
  113  9:25  Marine  
  113  9:28  Marine, Marauder  
  113  9:29  Liberator x2  
  113  9:30  Marine  
  118  9:33  Marine x2  
  120  9:44  Ghost  
  120  9:45  Siege Tank  
  125  9:48  Ghost  
  125  9:49  Marine x4  
  137  9:59  Marine x2  
  139  10:03  Supply Depot x2  
  139  10:06  Supply Depot  
  139  10:09  Marine x4  
  143  10:15  Marauder  
  144  10:22  Marine x2  
  144  10:23  Marauder  
  144  10:26  Marine  
  144  10:27  Marine  
  149  10:31  Marine x2  
  150  10:37  Marauder  
  150  10:40  Marine  
  150  10:42  Marine  
  157  10:43  Siege Tank  
  163  10:56  Marine  
Tags
 
Add a new tag
Caveats
  • Supply blocks, unpowered buildings, or Contaminate may cause inaccurate times.
  • Supply counts are checked every 10 seconds.